 Dungeon Crawl Stone Soup version 0.17-a0-1497-g03599f7 (webtiles) character file.

147 mrath the Sneak (level 5, 0/44 HPs)
             Began as a Naga Enchanter on July 6, 2015.
             Slain by a hound skeleton (1 damage)
             ... on level 3 of the Dungeon on July 7, 2015.
             The game lasted 00:40:06 (3633 turns).

mrath the Sneak (Naga Enchanter)                    Turns: 3633, Time: 00:40:06

Health: 0/44       AC:  4    Str: 10    XL:     5   Next: 29%
Magic:  9/9        EV: 10    Int: 15    God:
Gold:   109        SH:  0    Dex: 13    Spells: 4 memorised, 1 level left

rFire  + . .     SeeInvis +     a - +1 dagger
rCold  + . .     Clarity  .     b - +2 robe
rNeg   . . .     SustAt   .     (no shield)
rPois  +         Gourm    .     (no helmet)
rElec  +         Spirit   .     (no cloak)
rCorr  +         Warding  .     (no gloves)
rMut   .         Stasis   .     (no barding)
MR     .....                    (no amulet)
Stlth  +++.......               (no ring)
                                (no ring)

@: resistant, very slow, not resistant to hostile enchantments, fairly stealthy
A: see invisible, deformed body, poison resistance, slowness 2, slow metabolism
1, spit poison 2, AC +1
a: Spit Poison


You were on level 3 of the Dungeon.
You were not hungry.

You visited 1 branch of the dungeon, and saw 3 of its levels.

You collected 109 gold pieces.

Inventory:

Hand weapons
 a - a +1 dagger (weapon)
 i - a +0 hunting sling
 p - a +1 dagger of venom
Missiles
 f - 7 arrows
 g - 60 stones (quivered)
 h - 13 sling bullets
Armour
 b - a +2 robe (worn)
Magical devices
 n - a wand of teleportation (5)
Scrolls
 s - a scroll of identify
 t - a scroll of enchant weapon {unknown}
 u - a scroll of teleportation {unknown}
Potions
 l - a potion of mutation
 o - a potion of poison {unknown}
 r - a potion of haste {unknown}
Books
 c - a book of Maledictions

   Spells                             Type                      Level
   a - Corona                         Hexes                        1
   b - Ensorcelled Hibernation        Hexes/Ice                    2
   c - Confuse                        Hexes                        3
   d - Tukima's Dance                 Hexes                        3
   e - Dazzling Spray                 Conjuration/Hexes            3
Comestibles
 d - 2 bread rations
 j - 2 beef jerkies
 k - 2 chunks of flesh
 q - a royal jelly


   Skills:
 + Level 1.3 Fighting
 + Level 1.2 Short Blades
 + Level 1.1(1.2) Slings
 + Level 0.1(0.7) Throwing
 + Level 2.2 Dodging
 + Level 4.6 Stealth
 + Level 3.1 Spellcasting
 + Level 3.7 Hexes


You had one spell level left.
You knew the following spells:

 Your Spells              Type           Power        Failure   Level  Hunger
a - Corona                Hex            ##.....      4%          1    #......
b - Ensorcelled Hibernat  Hex/Ice        #.....       14%         2    ##.....
c - Dazzling Spray        Conj/Hex       #.......     30%         3    ###....
d - Confuse               Hex            ##......     14%         3    ###....


Dungeon Overview and Level Annotations

Branches:
Dungeon (3/15)

Altars:
Trog

Annotations:
D:3 Ijyb


Innate Abilities, Weirdness & Mutations

You cannot wear boots.
Your serpentine skin is tough (AC +1).
You have supernaturally acute eyesight.
Armour fits poorly on your strangely shaped body.
Your system is resistant to poisons.
You cover ground very slowly.
You have a slow metabolism.
You can spit poison.


Message History

* * * LOW HITPOINT WARNING * * *
You barely miss the worker ant zombie. The worker ant zombie bites you.
* * * LOW HITPOINT WARNING * * *
Drink which item? (? for menu, Esc to quit)
It was a potion of resistance.
You feel protected.
The worker ant zombie barely misses you.
You hit the worker ant zombie. The worker ant zombie bites you.
* * * LOW HITPOINT WARNING * * *
You hit the worker ant zombie.
You destroy the worker ant zombie!
The hound skeleton barely misses you.
You hit the hound skeleton.
The hound skeleton bites you but does no damage.
You hit the hound skeleton. The hound skeleton closely misses you.
You hit the hound skeleton. The hound skeleton bites you.
* * * LOW HITPOINT WARNING * * *
You hit the hound skeleton. The hound skeleton barely misses you.
The hound skeleton bites you.
You die...

###############
######.............####
#........###...........
#.####@### #.###.......
#Z#####.###.#.####
#......#.†.....# #
#..####.###.#..# # #..#
#. #.#..# # #..# #.
#.#..### #..# #.
#.#..##. #..# #.
........ #..# ##
#.##.#..


You could see a hound skeleton.

Vanquished Creatures
  A centaur skeleton (D:3)
  A hound zombie (D:3)
  A worker ant zombie (D:3)
  An adder (D:2)
  An ooze (D:2)
  An adder zombie (D:3)
  2 worms
  4 giant geckos
  5 orcs (D:3)
  4 giant cockroaches
  7 goblins
  9 hobgoblins
  5 kobolds
  4 ball pythons
  4 bats
  A giant newt (D:1)
  7 jackals (D:1)
  8 rats
66 creatures vanquished.

Notes
Turn   | Place    | Note
--------------------------------------------------------------
     0 | D:1      | mrath the Naga Enchanter began the quest for the Orb.
     0 | D:1      | Reached XP level 1. HP: 15/15 MP: 3/3
   523 | D:1      | Reached XP level 2. HP: 17/22 MP: 3/5
  1036 | D:1      | Reached XP level 3. HP: 16/28 MP: 4/6
  1241 | D:1      | Learned a level 2 spell: Ensorcelled Hibernation
  1245 | D:1      | Learned a level 3 spell: Dazzling Spray
  1940 | D:2      | Reached XP level 4. HP: 25/37 MP: 5/8
  2677 | D:2      | Found a bloodstained altar of Trog.
  2861 | D:3      | Reached skill level 1 in Fighting
  2872 | D:3      | Reached skill level 1 in Slings
  2872 | D:3      | Reached XP level 5. HP: 5/44 MP: 9/9
  3035 | D:3      | Learned a level 3 spell: Confuse
  3039 | D:3      | Noticed Ijyb
  3165 | D:3      | Noticed a phantom
  3628 | D:3      | HP: 2/44 [worker ant zombie (4)]
  3633 | D:3      | Slain by a hound skeleton

Vault maps used:
D:1:      saegor_arrival_simple_e, columned_hall_lemuel
D:2:      lightli_temple_of_fire
D:3:      nicolae_tso_carved_into_rock, first_bread, serial_undead,
          serial_undead_f, serial_undead_b, serial_undead_b, serial_undead_b,
          uniq_iyjb

Action                   |  1- 3 |  4- 6 || total
-------------------------+-------+-------++-------
Melee: Dagger            |   123 |    87 ||   210
 Fire: Hunting sling     |    31 |    57 ||    88
Throw: Stone             |    13 |    11 ||    24
 Cast: Corona            |    36 |    24 ||    60
       Confuse           |       |     2 ||     2
  Use: Potion            |     1 |     2 ||     3
       Scroll            |     2 |     3 ||     5
  Eat: Meat ration       |     1 |     1 ||     2
